 Dungeon Crawl Stone Soup version 0.29-a0-870-g2c972031a6 (webtiles) character file.

Game seed: 5834807908427821751

68405 zeratav the Transmogrifier (level 15, -14/103 HPs)
             Began as an Octopode Venom Mage on July 17, 2022.
             Was an Initiate of Gozag.
             Demolished by a +4 flail of protection (30 damage)
             ... on level 2 of the Orcish Mines.
             The game lasted 01:18:18 (28342 turns).

zeratav the Transmogrifier (Octopode Venom Mage)   Turns: 28342, Time: 01:18:19

Health: -14/103    AC: -3    Str: 18 (19) XL:     15   Next: 26%
Magic:  29/31      EV: 14    Int: 38 (39) God:    Gozag
Gold:   1320       SH:  0    Dex:  8      Spells: 2/24 levels left

rFire   + + .      SeeInvis +   z - +5 short sword (speed) {short}
rCold   + + +      Faith    .   (no shield)
rNeg    . . .      Spirit   .   (helmet restricted)
rPois   +          Reflect  .   A - amulet "Umaolor" {RegenMP Int+6}
rElec   +          Harm     .   o - ring of protection from cold
rCorr   +          Rampage  .   r - +6 ring of strength
Will    +++..                   t - ring "Upobbun" {rF+ rC+ rCorr SInv}
Stlth   +++++.....              b - ring "Poru" {*Corrode rF+ rC+ Int+6 SInv}
HPRegen 0.27/turn               y - ring of poison resistance
MPRegen 0.62/turn               J - ring of the Gloaming {Will++ rCorr MP+9 Str+6 Dex-5}
                                (no ring)
                                (no ring)

@: corroded, gold aura
A: almost no armour, amphibious, 8 rings, camouflage 1, gelatinous body 1,
(nimble swimmer 1), tentacles, antennae 1, clever 1, deterioration 1, robust 1,
electricity resistance
a: Renounce Religion, Potion Petition, Call Merchant, Bribe Branch


You were on level 2 of the Orcish Mines.
You worshipped Gozag.
Gozag was most pleased with you.
You visited 5 branches of the dungeon, and saw 20 of its levels.

You collected 6728 gold pieces.
You spent 4752 gold pieces at shops.
You paid 656 gold pieces to Gozag.


Innate Abilities, Weirdness & Mutations

You cannot wear most types of armour.
You are amphibious.
You can wear up to eight rings at the same time.
Your skin changes colour to match your surroundings (Stealth+).
Your rubbery body absorbs attacks. (AC +1, EV +1)
((You are camouflaged when in or above water. (Stealth+)))
You have tentacles for arms and can constrict up to eight enemies at once.
You have a pair of small antennae on your head.
Your mind is acute. (Int +4, Str/Dex -1)
Your body sometimes deteriorates upon taking damage.
You are robust. (+10% HP)
You are resistant to electric shocks. (rElec)


   Skills:
 - Level 6.0 Fighting
 - Level 6.0 Dodging
 - Level 10.0 Stealth
 - Level 5.0 Spellcasting
 - Level 8.0 Conjurations
 - Level 8.0 Hexes
 + Level 14.5 Transmutations
 - Level 4.0 Fire Magic
 + Level 13.7 Air Magic
 - Level 9.0 Poison Magic


You had 2 spell levels left.
You knew the following spells:

 Your Spells              Type           Power      Damage    Failure   Level
a - Fulminant Prism       Conj/Hex       31%        3d16      1%          4
b - Poisonous Vapours     Pois/Air       100%       N/A       1%          2
c - Olgreb's Toxic Radia  Pois           67%        N/A       1%          4
d - Tukima's Dance        Hex            63%        N/A       1%          3
e - Ignite Poison         Fire/Tmut/Pois 68%        N/A       1%          3
f - Eringya's Noxious Bo  Tmut/Pois      39%        N/A       4%          6

Your spell library contained the following spells:

 Spells                   Type           Power      Damage    Failure   Level
 Foxfire                  Conj/Fire      100%       2x1d9     1%          1
 Magic Dart               Conj           100%       1d8       1%          1
 Sting                    Tmut/Pois      100%       1d8       1%          1
 Searing Ray              Conj           100%       2d8       1%          2
 Conjure Flame            Conj/Fire      53%        6-21      1%          3
 Inner Flame              Hex/Fire       53%        N/A       1%          3
 Mephitic Cloud           Conj/Pois/Air  72%        N/A       1%          3
 Swiftness                Air            85%        N/A       1%          3
 Blade Hands              Tmut           44%        N/A       1%          5
 Yara's Violent Unravell  Hex/Tmut       38%        3d15      1%          5
 Flame Wave               Conj/Fire      53%        2d11      2%          4
 Fireball                 Conj/Fire      26%        3d12      8%          5
 Storm Form               Tmut/Air       43%        N/A       9%          7
 Gell's Gravitas          Tloc           9%         N/A       10%         3
 Lesser Beckoning         Tloc           9%         N/A       10%         3
 Teleport Other           Tloc           9%         N/A       10%         3
 Passage of Golubria      Tloc           9%         N/A       32%         4
 Starburst                Conj/Fire      26%        6d8       41%         6
 Maxwell's Capacitive Co  Air            42%        ∞         63%         8
 Iron Shot                Conj/Erth      19%        9d4       69%         6
 Dispersal                Tloc           4%         N/A       99%         6
 Disjunction              Tloc           4%         N/A       100%        8
 Ignition                 Fire           19%        3d7       100%        8
 Chain Lightning          Conj/Air       37%        3d50      100%        9
 Animate Armour           Summ/Erth      Unusable   N/A       N/A         4

Inventory:

Hand Weapons
 g - a +2 dagger of electrocution {short}
   (You took it off a kobold on level 2 of the Dungeon)
 p - a +4 dagger of protection {short}
   (You took it off an orc priest on level 3 of the Dungeon)
 z - a +5 short sword of speed (weapon) {short}
   (You took it off an orc on level 10 of the Dungeon)
Jewellery
 b - the ring "Poru" (on tentacle) {*Corrode rF+ rC+ Int+6 SInv}
   (You bought it in a shop on level 5 of the Lair of Beasts)

   [ring of intelligence]

   Int:       It affects your intelligence (+6).
   rF:        It protects you from fire.
   rC:        It protects you from cold.
   SInv:      It lets you see invisible.
   *Corrode:  It may corrode you when you take damage.
 o - a ring of protection from cold (left tentacle)
   (You found it on level 4 of the Dungeon)
 r - a +6 ring of strength (right tentacle)
   (You found it on level 5 of the Dungeon)
 t - the ring "Upobbun" (on tentacle) {rF+ rC+ rCorr SInv}
   (You acquired it on level 8 of the Dungeon)

   [ring of resist corrosion]

   rF:        It protects you from fire.
   rC:        It protects you from cold.
   SInv:      It lets you see invisible.
   rCorr:     It protects you from acid and corrosion.
 y - a ring of poison resistance (on tentacle)
   (You bought it in a shop on level 5 of the Lair of Beasts)
 A - the amulet "Umaolor" (around mantle) {RegenMP Int+6}
   (You bought it in a shop on level 5 of the Lair of Beasts)

   [amulet of magic regeneration]

   It increases your rate of magic regeneration.
   Int:       It affects your intelligence (+6).
 J - the ring of the Gloaming (on tentacle) {Will++ rCorr MP+9 Str+6 Dex-5}
   (You bought it in a shop on level 5 of the Lair of Beasts)

   [ring of strength]

   Str:       It affects your strength (+6).
   Dex:       It affects your dexterity (-5).
   MP:        It affects your magic capacity (+9).
   rCorr:     It protects you from acid and corrosion.
   Will:      It greatly increases your willpower.
Wands
 e - a wand of paralysis (8)
   (You bought it in a shop on level 8 of the Dungeon)
 C - a wand of iceblast (2)
   (You found it on level 1 of the Lair of Beasts)
Scrolls
 c - 4 scrolls of fog
 f - 2 scrolls of immolation {!r!r}
 m - 3 scrolls of enchant weapon
 n - 2 scrolls of silence {!r}
 u - 2 scrolls of amnesia
 w - 4 scrolls of teleportation {@r4}
 E - a scroll of vulnerability {!r!r}
 G - 2 scrolls of identify {@r1}
 H - a scroll of poison {unknown}
Potions
 a - 3 potions of magic
 d - 2 potions of brilliance
 h - 5 potions of haste {@q3}
 j - 5 potions of lignification {!q}
 k - a potion of attraction {!q}
 l - 5 potions of flight
 q - 3 potions of ambrosia
 s - a potion of invisibility
 v - 2 potions of might
 D - 2 potions of mutation {!q}
 I - 3 potions of curing {@q1}
Miscellaneous
 i - a condenser vane
   (You found it on level 1 of the Lair of Beasts)

Dungeon Overview and Level Annotations

Branches:
Dungeon (11/15) Zot: 25820  Temple (1/1) D:7 Zot: 5871    Lair (5/5) D:8 Zot: 18757
  Swamp (0/4) Lair:2       Spider (0/4) Lair:2        Slime (0/5) Lair:5
    Orc (2/2) D:11 Zot: 10030     Elf (1/3) Orc:2 Zot: 5994

Altars:
Ashenzari
Cheibriados
Dithmenos
Elyvilon
Fedhas
Gozag
Hepliaklqana
Kikubaaqudgha
Makhleb
Nemelex Xobeh
Okawaru
Qazlal
Ru
Sif Muna
Trog
Uskayaw
Vehumet
Wu Jian
Xom
Yredelemnul
Zin
The Shining One

Shops:
D:6 [   D:8 *(   D:9 *   D:10 :   Orc:2 :[:!   Lair:5 =

Annotations:
D:3 1 runed translucent door, Crazy Yiuf
D:5 3 runed translucent doors, exclusion: ice beast, Cecillian's ghost, novice FoHu; JoshKwa's ghost, novice HuAE; buhh's ghost, novice OpTm; nxtlvl's ghost, amateur DEMo
Lair:3 exclusion: 3 oklob plants

## #### ###. ##..## ### ##...
####oo..#####.## #....
##.###o.##..#...# ##...
#....#..(......#######...
#####.......@h......##...#...
##.#.....o...Oo..............#
#..............o..........#...
#..............oo.............
##............o...............
###.#..........o......).).)..
##.......##................#
#..........#..........))..##
###................#.)))..###


You could see a +4 flail of protection (ally target), a friendly warg
(summoned), 2 friendly orc warriors, a friendly ogre (summoned), 2 friendly orc
wizards and 6 friendly orcs.


Message History

There is an entrance to Sahio's Book Emporium here.
You see here a rat skeleton.
You see here a rat skeleton.
Things that are here:
a +0 long sword {long}; a +0 plate armour
Items here: )) [[.
Things that are here:
a +0 dagger {short}; a +0 robe; a +0 dire flail {mace}
Things that are here:
a +0 scimitar {long}; a +0 plate armour; a +0 short sword {short}
Items here: ))) [[.
Things that are here:
a +0 morningstar {mace}; a +0 plate armour You now have 1309 gold pieces (gained 14).
Things that are here:
a +2 great mace of protection {mace}; a +0 ring mail You now have 1320 gold pieces (gained 11).
Partly explored, can't reach some items.
Partly explored, can't reach some items.
(D) Dungeon (T) Temple (L) Lair (S) Swamp (N) Spider Nest (M) Slime Pits (O) Orcish Mines (E) Elven Halls
Where to? (Enter - Orc:2, ? - help)
What level of the Elven Halls? (default 1, ? - help)
There is a staircase to the Elven Halls here.
You climb downwards.
Welcome to the Elven Halls!
The deep elf pyromancer shouts!
You hear a shout! x2
There is a staircase back to the Mines here.
There are monsters nearby!
Casting: Ignite Poison (safe; 1% risk of failure)
Confirm with . or Enter, or press ? or * to list all spells.
You begin to radiate toxic energy.
The deep elf pyromancer is poisoned. x2
The deep elf pyromancer looks even sicker. x2
A deep elf zephyrmancer comes into view.
It is wielding a +0 short sword.
The deep elf pyromancer casts a spell.
MP[-4]
You lost 4 mp, and now have 27/31 mp.
A +4 flail of protection comes into view.
The deep elf zephyrmancer is poisoned.
A deep elf zephyrmancer comes into view.
It is wielding a +0 rapier.
A deep elf pyromancer comes into view. It is wielding a +0 dagger.
MP[+1]
Casting: Olgreb's Toxic Radiance (mildly dangerous; 1% risk of failure)
Confirm with . or Enter, or press ? or * to list all spells.
You ignite the poison in your surroundings!
The deep elf zephyrmancer seems to burn from within!!
The deep elf pyromancer seems to burn from within!!
You kill the deep elf pyromancer!
The deep elf pyromancer shouts!
The deep elf zephyrmancer is poisoned. x2; The deep elf pyromancer is poisoned.
Your toxic aura wanes.
You hear a shout!
The deep elf zephyrmancer gestures at you while chanting.
The bolt of lightning misses the +4 flail of protection.
The bolt of lightning hits you! You resist.
The deep elf pyromancer casts a spell.
HP[-9] MP[-2]
You take 9 damage, and now have 94/103 hp.
You lost 2 mp, and now have 26/31 mp.
The +4 flail of protection hits you!!
Your body deteriorates!
You feel weakened.
The deep elf zephyrmancer mumbles some strange words.
The deep elf zephyrmancer blinks!
A deep elf pyromancer comes into view. It is wielding a +0 long sword.
The deep elf zephyrmancer points at you and mumbles some strange words.
The bolt of lightning hits the +4 flail of protection.
The +4 flail of protection completely resists.
The bolt of lightning hits you. You resist.
There is a staircase back to the Mines, spattered with blood here.
HP[-26]
You take 26 damage, and now have 68/103 hp.
MASSIVE DAMAGE!! (PAUSE)
The fire elemental hits you. The fire elemental burns you! You resist.
The +4 flail of protection hits you!!
* * * LOW HITPOINT WARNING * * *
Your corrosive artefact corrodes you!
The fire elemental hits you.
* * * LOW HITPOINT WARNING * * *
The fire elemental burns you! You resist.
* * * LOW HITPOINT WARNING * * *
The deep elf zephyrmancer is engulfed in blazing flames.
The deep elf zephyrmancer casts a spell at you.
The bolt of lightning hits the fire elemental!
The fire elemental resists.
The bolt of lightning misses you. The +4 flail of protection hits you!!
* * * LOW HITPOINT WARNING * * *
Your body deteriorates!
You feel dopey.
The deep elf zephyrmancer mumbles some strange words.
The deep elf zephyrmancer blinks!
The deep elf pyromancer shouts!
You climb upwards.
Welcome back to the Orcish Mines!
There is a staircase to the Elven Halls here.
HP[-52] MP[+2]
You take 52 damage, and now have 16/103 hp.
MASSIVE DAMAGE!! (PAUSE)
You regained 2 mp, and now have 28/31 mp.
As you read the scroll of summoning, it crumbles to dust.
Wisps of shadow whirl around you... The +4 flail of protection hits you!!
You die...
Your body crumbles into a pile of gold.

Skill      XL: |  1  2  3  4  5  6  7  8  9 10 11 12 13 14 |
---------------+-------------------------------------------+-----
Stealth        | 3 4 5 10 | 10.0
Poison Magic   | 4 5 6 8 9 |  9.0
Fighting       | 2 5 6 |  6.0
Dodging        | 3 6 |  6.0
Conjurations   | 5 7 8 |  8.0
Hexes          | 5 7 8 |  8.0
Spellcasting   | 4 5 |  5.0
Fire Magic     | 4 |  4.0
Transmutations | 5 9 11 14 | 14.5
Air Magic      | 1 7 10 13 | 13.7

Action                   |  1- 3 |  4- 6 |  7- 9 | 10-12 | 13-15 || total
-------------------------+-------+-------+-------+-------+-------++-------
Melee: Dagger            |    31 |    90 |    73 |    37 |       ||   231
       Unarmed           |     5 |       |       |    15 |       ||    20
       Constrict         |     7 |    21 |    17 |    14 |    21 ||    80
       Tentacles         |     3 |    18 |    13 |    27 |    32 ||    93
       Punch             |     1 |     1 |     1 |     1 |     1 ||     5
       Short sword       |       |       |       |    53 |   103 ||   156
 Cast: Sting             |    12 |     2 |     6 |     1 |       ||    21
       Poisonous Vapours |       |    23 |    13 |    12 |    97 ||   145
       Olgreb's Toxic Ra |       |     1 |    43 |    85 |    92 ||   221
       Tukima's Dance    |       |       |       |    14 |     5 ||    19
       Fulminant Prism   |       |       |       |    37 |    91 ||   128
       Ignite Poison     |       |       |       |    38 |   122 ||   160
       Eringya's Noxious |       |       |       |       |     3 ||     3
Invok: Call Merchant     |       |       |       |       |     1 ||     1
Evoke: Wand              |       |       |     1 |       |       ||     1
  Use: Scroll            |       |     5 |    10 |     8 |     9 ||    32
       Potion            |       |       |     4 |     6 |     8 ||    18
 Stab: Sleeping          |    12 |    10 |     9 |     1 |       ||    32
       Paralysed         |       |       |     3 |     1 |       ||     4
Armor: Skin              |     2 |     3 |     1 |    30 |    11 ||    47
Dodge: Dodged            |    32 |    45 |    52 |   125 |   134 ||   388

Levels and vault maps discovered:
D:1:      shiori_arrival_whats_in_store_for_you, layout_basic,
          dreamdust_ecumenical_altar_angels_and_demons, minivault_25,
          dreamdust_princess_bridge, minmay_misc_feat_cross,
          minmay_worlds_worst_comb
D:2:      layout_basic, uniq_jessica, uniq_natasha
D:3:      layout_loops_ring, uniq_crazy_yiuf_cottage
D:4:      layout_cave_pods, makhleb_altar_promises_db, amcnicky_altar_gilded,
          uniq_menkaure
D:5:      layout_basic, gammafunk_ghost_cemetery, uniq_eustachio
D:6:      layout_cave_pools, overflow_temple_1_default, serial_shops, shop,
          serial_park, serial_park_tiny_pond, serial_park_tiny_1,
          serial_park_paths [serial_park_minivault_5x5_4], grunt_ministairs_2
D:7:      layout_loops_cross, minmay_temple_entry_gardened_gates,
          dreamdust_princess_corridor, uniq_maggie
D:8:      layout_loops_ring, david_lair_shrubbed, serial_shops,
          nicolae_shop_trees, minmay_shop_grid_forest
D:9:      layout_basic, zin_purify, serial_shops, nicolae_shop_statue_plus,
          minmay_fractal_squares_gapless_5
D:10:     layout_roguey, minitemple, nicolae_ru_great_annihilating_truth,
          nicolae_shop_i_like_big_books, kennysheep_island_fort
D:11:     layout_roguey, orc_0_dummy
Temple:   nicolae_temple_superstar
Lair:1:   layout_chaotic_city, st_stairs_13, grunt_megastairs_4, uniq_amaemon
Lair:2:   layout_misc_corridors, swamp_mist, nicolae_spider_entry_non_spiders
Lair:3:   minmay_lair_oklob_chamber, layout_regular_city
Lair:4:   layout_gridlike, gauntlet_entry_generic, beast_lair_carwin_11,
          infiniplex_staircase_pool, grunt_megastairs_2, lemuel_fruit_fields
Lair:5:   hangedman_lair_caniforms_friends, layout_misc_corridors,
          nicolae_slime_entry_slimehenge, hellmonk_guarded_unrand_zhor,
          lemuel_fruit_fields, lemuel_fruit_fields, uniq_sonja
Orc:1:    layout_diamond_mine
Orc:2:    grunt_orc_tribal_feast, layout_diamond_mine, uniq_azrael, uniq_rupert,
          uniq_snorg
Elf:1:    layout_gridlike, serial_shops, nicolae_shop_behind_doors,
          nicolae_shop_stone, minmay_elf_sorcery, st_stairs_14,
          nicolae_gammafunk_elf_defective_weapons_storage, lemuel_upstairs_altar

Notes
Turn   | Place    | Note
-------+----------+-------------------------------------------
     0 | D:1      | zeratav the Octopode Venom Mage began the quest for the
                  | Orb.
     0 | D:1      | Reached XP level 1. HP: 11/11 MP: 3/3
     0 | D:1      | Noticed a human
     0 | D:1      | Noticed a draconian
     0 | D:1      | magus.rc [v1.9.6]
     1 | D:1      | Noticed a gargoyle
     3 | D:1      | Noticed a tengu
     7 | D:1      | Noticed a ghoul
     8 | D:1      | Noticed a demigod
    11 | D:1      | Noticed a gargoyle
    13 | D:1      | Noticed a formicid
    13 | D:1      | Noticed a demigod
    15 | D:1      | Noticed a barachi
    15 | D:1      | Noticed an octopode
    15 | D:1      | Noticed a ghoul
    19 | D:1      | Noticed a tengu
    19 | D:1      | Noticed a troll
   209 | D:1      | Reached skill level 3 in Stealth
   314 | D:1      | Found a faded altar of an unknown god.
   353 | D:1      | Reached XP level 2. HP: 17/17 MP: 1/5
   356 | D:1      | Reached skill level 4 in Poison Magic
  1027 | D:1      | Reached XP level 3. HP: 21/21 MP: 6/6
  1042 | D:1      | Reached skill level 4 in Stealth
  1294 | D:2      | Noticed Jessica
  1297 | D:2      | Killed Jessica
  1402 | D:2      | Reached XP level 4. HP: 14/27 MP: 4/7
  1551 | D:2      | Noticed Natasha
  1588 | D:2      | You pick up a book of Flames and begin reading...
  1588 | D:2      | You add the spells Foxfire, Conjure Flame, Inner Flame and
                  | Flame Wave to your library.
  1604 | D:2      | You pick up a book of Conjurations {@e2} and begin
                  | reading...
  1604 | D:2      | You add the spells Magic Dart, Searing Ray and Fulminant
                  | Prism to your library.
  1608 | D:2      | Learned a level 2 spell: Poisonous Vapours
  1629 | D:2      | Killed Natasha
  1630 | D:2      | Reached skill level 5 in Stealth
  1630 | D:2      | Reached skill level 5 in Poison Magic
  1869 | D:2      | Noticed Natasha
  1987 | D:2      | Killed Natasha
  1988 | D:2      | Reached XP level 5. HP: 24/31 MP: 1/8
  2135 | D:2      | Noticed Natasha
  2144 | D:2      | Killed Natasha
  2147 | D:2      | Reached skill level 6 in Poison Magic
  3365 | D:3      | Reached XP level 6. HP: 36/36 MP: 9/9
  3377 | D:3      | Reached skill level 7 in Poison Magic
  3865 | D:3      | Learned a level 4 spell: Olgreb's Toxic Radiance
  3953 | D:3      | Found a runed translucent door.
  3954 | D:3      | Noticed Crazy Yiuf
  4092 | D:4      | Noticed a sky beast
  4106 | D:4      | Killed a sky beast
  4107 | D:4      | Reached skill level 8 in Poison Magic
  4346 | D:4      | Reached XP level 7. HP: 15/41 MP: 5/10
  4346 | D:4      | Noticed Menkaure
  4811 | D:4      | Killed Menkaure
  4812 | D:4      | Reached skill level 9 in Poison Magic
  4812 | D:4      | Reached skill level 1 in Fighting
  4984 | D:4      | Found a sparkling altar of Nemelex Xobeh.
  5234 | D:4      | Found a burning altar of Makhleb.
  5315 | D:4      | Reached skill level 2 in Fighting
  5315 | D:4      | Reached skill level 3 in Dodging
  5700 | D:4      | Noticed a blizzard demon
  5704 | D:4      | Noticed a neqoxec
  5704 | D:4      | Noticed a hellwing
  5799 | D:5      | Entered Level 5 of the Dungeon
  5986 | D:5      | You add the spells Tukima's Dance, Passage of Golubria and
                  | Yara's Violent Unravelling to your library.
  6029 | D:5      | Reached XP level 8. HP: 41/51 MP: 11/11
  6172 | D:5      | Noticed Eustachio
  6185 | D:5      | Killed Eustachio
  6186 | D:5      | Reached skill level 3 in Fighting
  6186 | D:5      | Reached skill level 4 in Dodging
  6481 | D:5      | Found a runed translucent gate.
  6481 | D:5      | Found a runed translucent gate.
  6481 | D:5      | Noticed buhh's ghost (novice OpTm)
  6482 | D:5      | Found a runed translucent gate.
  6482 | D:5      | Noticed nxtlvl's ghost (amateur DEMo)
  6482 | D:5      | Noticed JoshKwa's ghost (novice HuAE)
  6482 | D:5      | Noticed Cecillian's ghost (novice FoHu)
  6785 | D:6      | Found a snail-covered altar of Cheibriados.
  6832 | D:5      | Reached skill level 4 in Fighting
  6838 | D:5      | Reached skill level 5 in Dodging
  7185 | D:6      | Reached skill level 5 in Fighting
  7555 | D:6      | Found Nomm's Armour Shoppe.
  7645 | D:6      | Found a bloodstained altar of Trog.
  7754 | D:6      | Gained mutation: You sometimes lose your temper in combat.
                  | [potion of mutation]
  7754 | D:6      | Gained mutation: You passively dampen the noise of your
                  | surroundings. [potion of mutation]
  7754 | D:6      | Gained mutation: Your muscles are strong. (Str +4, Int/Dex
                  | -1) [potion of mutation]
  7754 | D:6      | Gained mutation: You are robust. (+10% HP) [potion of
                  | mutation]
  7757 | D:6      | Lost mutation: You sometimes lose your temper in combat.
                  | [potion of mutation]
  7757 | D:6      | Lost mutation: Your muscles are strong. (Str +4, Int/Dex
                  | -1) [potion of mutation]
  7757 | D:6      | Lost mutation: You passively dampen the noise of your
                  | surroundings. [potion of mutation]
  7757 | D:6      | Gained mutation: Your body sometimes deteriorates upon
                  | taking damage. [potion of mutation]
  7757 | D:6      | Gained mutation: You are resistant to electric shocks.
                  | (rElec) [potion of mutation]
  7757 | D:6      | Gained mutation: You have a pair of small antennae on your
                  | head. [potion of mutation]
  7757 | D:6      | Gained mutation: Your mind is acute. (Int +4, Str/Dex -1)
                  | [potion of mutation]
  7913 | D:7      | Reached skill level 6 in Dodging
  7921 | D:6      | Reached XP level 9. HP: 23/68 MP: 5/12
  8166 | D:7      | Reached skill level 6 in Fighting
  8199 | D:7      | Reached skill level 1 in Conjurations
  8199 | D:7      | Reached skill level 1 in Hexes
  8214 | D:7      | Reached skill level 2 in Conjurations
  8214 | D:7      | Reached skill level 2 in Hexes
  8283 | D:7      | Found a staircase to the Ecumenical Temple.
  8292 | Temple   | Entered the Ecumenical Temple
  8397 | Temple   | Became a worshipper of Gozag Ym Sagoz the Greedy
  8502 | D:7      | Noticed Maggie
  8525 | D:7      | Killed Maggie
  8526 | D:7      | Reached skill level 3 in Conjurations
  8526 | D:7      | Reached skill level 3 in Hexes
  8536 | D:7      | HP: 15/68 [orc warrior/bolt (14)]
  8735 | D:7      | Reached skill level 4 in Conjurations
  8735 | D:7      | Reached skill level 4 in Hexes
  8849 | D:7      | You pick up a book of Displacement and begin reading...
  8849 | D:7      | You add the spells Lesser Beckoning, Gell's Gravitas and
                  | Teleport Other to your library.
  8868 | D:7      | Learned a level 3 spell: Tukima's Dance
  9405 | D:8      | Found Cunecziv's Assorted Antiques.
  9410 | D:8      | Bought a scroll of identify for 58 gold pieces
  9410 | D:8      | Identified 3 scrolls of acquirement
  9414 | D:8      | Acquired the ring "Upobbun" {rF+ rC+ rCorr SInv}
  9417 | D:8      | Acquired 511 gold pieces
  9419 | D:8      | Acquired 518 gold pieces
  9426 | D:8      | Bought a sharpened fluorescent wand for 116 gold pieces
  9712 | D:8      | Found a staircase to the Lair.
  9713 | D:8      | Noticed a komodo dragon
  9737 | D:8      | Killed a komodo dragon
  9738 | D:8      | Reached skill level 5 in Conjurations
  9738 | D:8      | Reached skill level 5 in Hexes
 10118 | D:8      | Found Akhluocs's Antique Weapon Emporium.
 10270 | D:9      | Reached XP level 10. HP: 74/74 MP: 6/13
 10272 | D:9      | Found Onaerox's General Store.
 10286 | D:9      | Bought a scroll of teleportation for 33 gold pieces
 10396 | D:9      | Reached skill level 6 in Conjurations
 10396 | D:9      | Reached skill level 6 in Hexes
 11124 | D:9      | Found Zin's Purification Station.
 11127 | D:9      | Found a glowing silver altar of Zin.
 11147 | D:9      | Noticed a two-headed ogre
 11172 | D:9      | Killed a two-headed ogre
 11173 | D:9      | Reached skill level 3 in Spellcasting
 11335 | D:9      | Bought a potion of curing for 90 gold pieces
 11727 | D:10     | Entered Level 10 of the Dungeon
 11734 | D:10     | You pick up a book of Iron and begin reading...
 11734 | D:10     | You add the spells Blade Hands and Iron Shot to your
                  | library.
 11742 | D:10     | Learned a level 4 spell: Fulminant Prism
 11809 | D:10     | Reached skill level 7 in Conjurations
 11809 | D:10     | Reached skill level 7 in Hexes
 11927 | D:10     | Noticed a wolf spider
 12098 | D:10     | Found Rydwenk's Tremendous Tomes.
 12107 | D:10     | Bought the Grimoire of Hazy Poisoning for 1470 gold pieces
 12107 | D:10     | You add the spells Swiftness, Ignite Poison, Eringya's
                  | Noxious Bog, Storm Form, Maxwell's Capacitive Coupling and
                  | Chain Lightning to your library.
 12252 | D:10     | Found a sacrificial altar of Ru.
 12483 | D:10     | HP: 17/74 [centaur/arrow (15)]
 12487 | D:10     | Reached skill level 4 in Spellcasting
 12673 | D:10     | HP: 14/74 [wraith (12)]
 12673 | D:10     | HP: 5/74 [wraith (9)]
 13219 | D:10     | Found a glowing golden altar of the Shining One.
 13221 | D:10     | Found a white marble altar of Elyvilon.
 13326 | Lair:1   | Entered Level 1 of the Lair of Beasts
 13353 | Lair:1   | Noticed an elephant
 13354 | Lair:1   | Noticed an elephant
 13370 | D:8      | HP: 13/74 [yak (11)]
 13372 | D:8      | HP: 5/74 [water moccasin (7)]
 13377 | D:8      | Reached XP level 11. HP: 6/79 MP: 6/18
 13820 | Lair:1   | Learned a level 3 spell: Ignite Poison
 13856 | Lair:1   | Reached skill level 5 in Spellcasting
 13856 | Lair:1   | Reached skill level 8 in Conjurations
 13856 | Lair:1   | Reached skill level 8 in Hexes
 13856 | Lair:1   | Reached skill level 1 in Fire Magic
 13857 | Lair:1   | Reached skill level 2 in Transmutations
 13857 | Lair:1   | Reached skill level 2 in Fire Magic
 13942 | Lair:1   | You pick up a book of the Warp and begin reading...
 13942 | Lair:1   | You add the spells Dispersal and Disjunction to your
                  | library.
 13974 | Lair:1   | Reached skill level 3 in Transmutations
 13974 | Lair:1   | Reached skill level 3 in Fire Magic
 13975 | Lair:1   | Reached skill level 4 in Transmutations
 13975 | Lair:1   | Reached skill level 4 in Fire Magic
 14059 | Lair:1   | Noticed Amaemon
 14070 | Lair:1   | Reached skill level 5 in Transmutations
 14075 | Lair:1   | Killed Amaemon
 14076 | Lair:1   | Reached skill level 6 in Stealth
 14228 | Lair:1   | Reached skill level 7 in Stealth
 14342 | Lair:1   | Identified the +4 longbow of the Invisible Knives {speed,
                  | rElec rPois Will+}
 14393 | Lair:1   | Noticed a seven-headed hydra
 14412 | Lair:1   | Killed a seven-headed hydra
 14413 | Lair:1   | Reached skill level 8 in Stealth
 14448 | Lair:1   | Reached skill level 9 in Stealth
 14455 | Lair:1   | Reached skill level 10 in Stealth
 14473 | Lair:1   | Reached skill level 1 in Air Magic
 14473 | Lair:1   | Reached XP level 12. HP: 86/86 MP: 1/19
 14931 | Lair:2   | Reached skill level 2 in Air Magic
 15065 | Lair:1   | HP: 16/86 [cane toad (21)]
 15067 | Lair:1   | HP: 5/86 [poisoned by a cane toad]
 15398 | Lair:2   | Reached skill level 6 in Transmutations
 15398 | Lair:2   | Reached skill level 3 in Air Magic
 15611 | Lair:2   | Found a staircase to the Swamp.
 15622 | Lair:2   | Reached skill level 4 in Air Magic
 15780 | Lair:2   | Reached skill level 7 in Transmutations
 15979 | Lair:2   | Reached skill level 5 in Air Magic
 16121 | Lair:2   | Found a hole to the Spider Nest.
 16174 | Lair:2   | You pick up a book of Fire and begin reading...
 16174 | Lair:2   | You add the spells Fireball, Starburst and Ignition to your
                  | library.
 16684 | Lair:3   | Reached skill level 8 in Transmutations
 16684 | Lair:3   | Reached skill level 6 in Air Magic
 16788 | Lair:3   | Reached skill level 7 in Air Magic
 16812 | Lair:3   | Reached skill level 9 in Transmutations
 16812 | Lair:3   | Reached XP level 13. HP: 68/91 MP: 0/20
 17291 | Lair:3   | HP: 7/91 [komodo dragon (27)]
 17452 | Lair:3   | Reached skill level 8 in Air Magic
 18081 | Lair:4   | Reached skill level 10 in Transmutations
 18625 | Lair:4   | Reached skill level 9 in Air Magic
 19217 | Lair:5   | Entered Level 5 of the Lair of Beasts
 19222 | Lair:5   | Reached skill level 11 in Transmutations
 19224 | Lair:5   | Reached skill level 10 in Air Magic
 19466 | Lair:5   | Found a staircase to the Slime Pits.
 19487 | Lair:5   | HP: 16/91 [black mamba (17)]
 19807 | Lair:5   | HP: 18/91 [cane toad (20)]
 20685 | Lair:5   | Reached XP level 14. HP: 74/99 MP: 15/21
 21215 | Lair:5   | Noticed Sonja
 21222 | Lair:5   | Killed Sonja
 21228 | Lair:5   | HP: 22/99 [lindwurm (8)]
 21228 | Lair:5   | HP: 10/99 [lindwurm (12)]
 21578 | Lair:5   | Reached skill level 12 in Transmutations
 21959 | Lair:5   | Found the +4 skin of Zhor {*Englaciate rC+++ SInv}
 22341 | Lair:5   | Bought the ring "Poru" {*Corrode rF+ rC+ Int+6 SInv} for
                  | 834 gold pieces
 22341 | Lair:5   | Bought the amulet "Umaolor" {RegenMP Int+6} for 744 gold
                  | pieces
 22400 | Lair:5   | Learned a level 6 spell: Eringya's Noxious Bog
 22408 | Lair:5   | Reached skill level 11 in Air Magic
 23512 | Lair:5   | Reached skill level 13 in Transmutations
 23512 | Lair:5   | Reached skill level 12 in Air Magic
 23755 | Lair:5   | Bought a ring of poison resistance for 300 gold pieces
 23911 | Lair:5   | HP: 24/99 [warg (8)]
 25063 | D:11     | Found a staircase to the Orcish Mines.
 26199 | Lair:5   | Bought the ring of the Gloaming {Will++ rCorr MP+9 Str+6
                  | Dex-5} for 1065 gold pieces
 26376 | Orc:1    | Entered Level 1 of the Orcish Mines
 26956 | Orc:2    | Entered Level 2 of the Orcish Mines
 27107 | Orc:2    | Noticed Azrael
 27115 | Orc:2    | Reached skill level 13 in Air Magic
 27134 | Orc:2    | Killed Azrael
 27135 | Orc:2    | Reached skill level 14 in Transmutations
 27169 | Orc:2    | Reached XP level 15. HP: 65/103 MP: 22/22
 27342 | Orc:2    | Noticed Rupert
 27372 | Orc:2    | Noticed Snorg
 27387 | Orc:2    | Killed Rupert
 27388 | Orc:2    | HP: 24/103 [Snorg (12)]
 27388 | Orc:2    | HP: 3/103 [Snorg (21)]
 27389 | Orc:2    | Killed Snorg
 27817 | Orc:2    | Found a staircase to the Elven Halls.
 28008 | Orc:2    | Found Sahio's Book Emporium.
 28008 | Orc:2    | Found Bofrul's Distillery.
 28082 | Orc:2    | Found Sequ's Book Shop.
 28082 | Orc:2    | Found Ebruril's Antique Armour Emporium.
 28088 | Orc:2    | Bought a potion of curing for 42 gold pieces
 28335 | Elf:1    | Entered Level 1 of the Elven Halls
 28340 | Elf:1    | HP: 15/103 [+4 flail of protection (22)]
 28342 | Orc:2    | Demolished by a +4 flail of protection

Vanquished Creatures
  Rupert (Orc:2)
  Snorg (Orc:2)
  A boulder beetle (Lair:5)
  6 hydras
  11 death yaks
  3 two-headed ogres
  3 orc high priests (Orc:2)
  Sonja (Lair:5)
  Amaemon (Lair:1)
  A lindwurm (Lair:5)
  5 orc knights
  A deep elf pyromancer (Elf:1)
  4 orc sorcerers
  2 wolf spiders
  9 elephants
  4 black mambas
  An orange demon (Lair:1)
  12 cane toads
  3 torpor snails
  5 rime drakes
  10 komodo dragons
  An efreet (D:10)
  3 trolls
  A hornet (D:9)
  10 polar bears
  4 raiju (Lair:5)
  27 blink frogs
  4 dream sheep (Lair:5)
  39 yaks
  3 wyverns
  Eustachio (D:5)
  3 fire elementals (Orc:2)
  4 basilisks
  A steam dragon (D:9)
  4 wraiths
  3 vampire mosquitoes (D:11)
  Menkaure (D:4)
  6 wargs
  2 acid dragons
  16 hell hounds
  14 water moccasins
  18 orc warriors
  A sky beast (D:4)
  12 black bears
  33 wolves
  5 ogres
  4 centaurs
  2 kobold brigands (D:9)
  13 bullfrogs
  A gnoll sergeant (D:11)
  4 scorpions
  6 wights
  5 killer bees (D:7)
  2 electric eels
  4 hounds
  21 orc priests
  5 jellies
  Jessica (D:2)
  4 iguanas
  Natasha (thrice) (D:2)
  19 orc wizards
  6 hell rats (Lair:5)
  5 gnolls (D:11)
  9 adders
  2 shadow imps (D:8)
  A white imp (D:5)
  An ufetubus (D:4)
  6 worms
  4 dart slugs
  72 orcs
  8 bats
  10 endoplasms
  9 giant cockroaches
  8 hobgoblins
  7 jackals
  7 quokkas
  6 ball pythons
  2 frilled lizards
  7 goblins
  9 kobolds
  4 rats (D:1)
  3 fulminant prisms (Lair:5)
581 creatures vanquished.

Vanquished Creatures (collateral kills)
  Azrael (Orc:2)
  Maggie (D:7)
  A fire elemental (Orc:2)
  An orc warrior (D:7)
  A centaur (D:10)
  A wight (D:9)
6 creatures vanquished.

Vanquished Creatures (others)
  3 dancing weapons
  2 electric eels (D:10)
  An orc wizard (Orc:2)
  A butterfly (Lair:5)
  125 fulminant prisms
  42 fungi
  75 plants
  2 withered plants (D:5)
251 creatures vanquished.

Grand Total: 838 creatures vanquished

Table legend:
 A = Non-vault XP
 B = Vault XP
 C = Vault XP percentage of total XP
 D = Non-vault monster count
 E = Vault monster count
 F = Vault count percentage of total count
                 A         B        C        D         E       F
            +---------+---------+-------+---------+---------+-------
      Total |   59163 |   38559 |  39.5 |     428 |     156 |  26.7
            +---------+---------+-------+---------+---------+-------
        D:1 |      35 |       8 |  18.6 |      22 |       4 |  15.4
        D:2 |     108 |      73 |  40.3 |      14 |       2 |  12.5
        D:3 |     217 |       0 |   0.0 |      29 |       0 |   0.0
        D:4 |     392 |     172 |  30.5 |      28 |       1 |   3.4
        D:5 |     439 |     196 |  30.9 |      19 |       1 |   5.0
        D:6 |     468 |      82 |  14.9 |       9 |       2 |  18.2
        D:7 |    1340 |     379 |  22.0 |      28 |       1 |   3.4
        D:8 |     388 |     917 |  70.3 |      12 |       4 |  25.0
        D:9 |    1989 |     487 |  19.7 |      19 |       3 |  13.6
       D:10 |    1405 |     791 |  36.0 |      17 |       6 |  26.1
       D:11 |    5345 |       0 |   0.0 |      22 |       0 |   0.0
     Lair:1 |    7824 |    2282 |  22.6 |      28 |       4 |  12.5
     Lair:2 |    6174 |     188 |   3.0 |      34 |       8 |  19.0
     Lair:3 |    9895 |     739 |   6.9 |      33 |       2 |   5.7
     Lair:4 |    4174 |    6096 |  59.4 |      16 |      10 |  38.5
     Lair:5 |   14352 |   13115 |  47.7 |      52 |      68 |  56.7
      Orc:1 |    2874 |       0 |   0.0 |      30 |       0 |   0.0
      Orc:2 |    1744 |   12449 |  87.7 |      16 |      39 |  70.9
      Elf:1 |       0 |     585 | 100.0 |       0 |       1 | 100.0
            +---------+---------+-------+---------+---------+-------

Illustrated notes

Table legend:
 A = Kills in this place as a percentage of kills in entire the game.
 B = Kills by you in this place as a percentage of kills by you in the entire game.
 C = Kills by friends in this place as a percentage of kills by friends in the entire game.
 D = Other kills in this place as a percentage of other kills in the entire game.
 E = Experience gained in this place as a percentage of experience gained in the entire game.
 F = Experience gained in this place divided by the number of levels of this place that you have seen.
                   A       B       C       D       E      F
               +-------+-------+-------+-------+-------+----------------------
         Total | 100.0 | 100.0 | 100.0 |   N/A | 100.0 | 4886.1
       Dungeon |  41.6 |  41.3 |  66.7 |   N/A |  15.6 | 1384.6
          Lair |  43.7 |  44.1 |   0.0 |   N/A |  66.4 | 12967.8
  Orcish Mines |  14.6 |  14.4 |  33.3 |   N/A |  17.5 | 8533.5
   Elven Halls |   0.2 |   0.2 |   0.0 |   N/A |   0.6 | 585.0
               +-------+-------+-------+-------+-------+----------------------

Table legend: (Time is in decaauts)
 A = Elapsed time spent in this place.
 B = Non-inter-level travel time spent in this place.
 C = Inter-level travel time spent in this place.
 D = Time resting spent in this place.
 E = Time spent auto-exploring this place.
 F = Levels seen in this place.
 G = Mean time per level.
                   A        B        C        D        E       F      G
               +--------+--------+--------+--------+--------+-----+--------+
         Total |  28398 |  26958 |   1440 |  10950 |   9961 |  20 | 1419.9 |
       Dungeon |  15052 |  14116 |    936 |   4618 |   7070 |  11 | 1368.4 |
        Temple |    128 |     92 |     36 |      0 |     78 |   1 |  128.0 |
          Lair |  11242 |  10836 |    406 |   5536 |   2103 |   5 | 2248.4 |
  Orcish Mines |   1968 |   1908 |     60 |    796 |    710 |   2 |  984.0 |
   Elven Halls |      5 |      5 |      0 |      0 |      0 |   1 |    5.0 |
               +--------+--------+--------+--------+--------+-----+--------+

Top non-repeatable levels by time:
  Lair:4: 3626 daAuts
  Lair:5: 3351 daAuts
     D:9: 1831 daAuts
     D:4: 1727 daAuts
  Lair:1: 1676 daAuts
    D:10: 1546 daAuts
     D:2: 1433 daAuts
     D:8: 1397 daAuts
     D:1: 1396 daAuts
   Orc:2: 1389 daAuts
  Lair:3: 1352 daAuts
     D:3: 1337 daAuts
  Lair:2: 1235 daAuts
     D:6: 1175 daAuts
     D:7: 1118 daAuts
